 Dungeon Crawl Stone Soup version 0.23.0 (webtiles) character file.

Game seed: 3471415894648501646

268876 DarkinPup the Fencer (level 19, 0/153 HPs)
             Began as a Demonspawn Fighter on Feb 12, 2019.
             Was the Champion of Okawaru.
             Splashed by an acid blob's acid (4 damage)
             ... created by the Royal Jelly
             ... on level 4 of the Pits of Slime.
             The game lasted 03:33:59 (32546 turns).

DarkinPup the Fencer (Demonspawn Fighter)          Turns: 32546, Time: 03:34:00

Health: 0/153      AC: 32    Str: 23    XL:     19   Next: 39%
Magic:  0/24       EV: 34    Int: 13    God:    Okawaru [******]
Gold:   787        SH: 31    Dex: 33    Spells: 18/18 levels left

rFire    + . .     SeeInvis .   I - +3 scimitar "Itavuk" {speed, rPois}
rCold    + + .     Gourm    .   Y - +5 large shield
rNeg     + . .     Faith    .   u - +12 chain mail of Somewhere Else {rN+ rCorr Dex+4}
rPois    +         Spirit   +   K - +0 helmet "Ifeotott" {Dex+4}
rElec    +         Reflect  +   x - +0 cloak of the Pits of Slime {rElec rC+ Str+5}
rCorr    +         Harm     .   v - +2 pair of gloves of Xulynk {rCorr}
MR       +....                  (no boots)
Stlth    ++........             b - +2 amulet of reflection
HPRegen  0.75/turn              r - ring "Leenif" {rF+ Int+3 Dex+3}
MPRegen  0.38/turn              J - +6 ring of slaying

@: agile, heroism, corroded, very slightly contaminated, invisible
A: talons 2, repulsion field 2, blurry vision 1, clumsy 1, cold resistance 1,
icemail, low mp 1, regeneration 1, wild magic 1, magic shield, magic
regeneration, freezing cloud immunity
}: 2/15 runes: serpentine, barnacled
a: Heroism, Finesse, Renounce Religion


You were on level 4 of the Pits of Slime.
You worshipped Okawaru.
Okawaru was exalted by your worship.
You were not hungry.

You visited 6 branches of the dungeon, and saw 30 of its levels.
You also visited: Sewer, Gauntlet and Ice Cave.

You collected 1873 gold pieces.
You spent 1086 gold pieces at shops.

Inventory:

Hand Weapons
 t - the +5 long sword "Peby" {slice, Str+4 Dex+5 Stlth+}
   (Okawaru gifted it to you on level 3 of the Snake Pit)

   It inflicts extra damage upon your enemies.
   It affects your strength (+4).
   It affects your dexterity (+5).
   It makes you more stealthy.
 I - the +3 scimitar "Itavuk" (weapon) {speed, rPois}
   (Okawaru gifted it to you on level 4 of the Lair of Beasts)

   Attacks with this weapon are significantly faster.
   It protects you from poison.
 W - the +2 falchion "Fecsou" {freeze, MR+ Str+2 Int+2}
   (You took it off a minotaur in a Gauntlet)

   It has been specially enchanted to freeze those struck by it, causing extra
   injury to most foes and up to half again as much damage against particularly
   susceptible opponents.
   It can also slow down cold-blooded creatures.
   It affects your strength (+2).
   It affects your intelligence (+2).
   It affects your resistance to hostile enchantments.
Armour
 c - the +0 pair of boots "Fiwocluo" {rPois Regen+ rCorr}
   (You found it on level 2 of the Snake Pit)

   It protects you from poison.
   It increases your rate of regeneration.
   It provides partial protection from all sources of acid and corrosion.
 l - a +1 pair of boots of running
 u - the +12 chain mail of Somewhere Else (worn) {rN+ rCorr Dex+4}
   (You found it on level 2 of the Lair of Beasts)

   It affects your dexterity (+4).
   It protects you from negative energy.
   It provides partial protection from all sources of acid and corrosion.
 v - the +2 pair of gloves of Xulynk (worn) {rCorr}
   (Okawaru gifted it to you on level 3 of the Snake Pit)

   It provides partial protection from all sources of acid and corrosion.
 x - the +0 cloak of the Pits of Slime (worn) {rElec rC+ Str+5}
   (You found it on level 1 of the Lair of Beasts)

   It affects your strength (+5).
   It protects you from cold.
   It insulates you from electricity.
 y - a +1 hat of see invisible
 E - a scarf of cloud immunity
 K - the +0 helmet "Ifeotott" (worn) {Dex+4}
   (You found it on level 3 of the Lair of Beasts)

   It affects your dexterity (+4).
 O - the +5 scale mail of Okawaru's Approval {+Fly rN+ Int+2 Dex-4}
   (Okawaru gifted it to you on level 3 of the Shoals)

   It affects your intelligence (+2).
   It affects your dexterity (-4).
   It protects you from negative energy.
   It lets you fly.
 Y - a +5 large shield (worn)
Jewellery
 b - a +2 amulet of reflection (around neck)
 r - the ring "Leenif" (left hand) {rF+ Int+3 Dex+3}
   (You found it on level 6 of the Lair of Beasts)

   [ring of dexterity]

   It affects your intelligence (+3).
   It affects your dexterity (+3).
   It protects you from fire.
 B - an uncursed ring of flight
 J - a +6 ring of slaying (right hand)
 N - an uncursed amulet of regeneration
 P - an uncursed ring of protection from cold
Wands
 A - a wand of flame (16)
 C - a wand of iceblast (26)
 G - a wand of polymorph (12)
 H - a wand of enslavement (9)
 L - a wand of acid (7)
 Z - a wand of disintegration (9)
Scrolls
 g - 4 scrolls of enchant weapon
 j - 2 scrolls of immolation
 m - a scroll of brand weapon
 p - 9 scrolls of remove curse
 q - 3 scrolls of teleportation
 w - 4 scrolls of blinking
 D - 4 scrolls of identify
 M - 2 scrolls of fear
 Q - 3 scrolls of magic mapping
 T - 3 scrolls of fog
Potions
 a - a potion of ambrosia
 d - 2 potions of might
 e - a potion of agility
 i - 3 potions of lignification
 k - 3 potions of berserk rage
 n - 5 potions of magic
 o - 2 potions of cancellation
 s - 2 potions of invisibility
 R - a potion of resistance
 S - 2 potions of brilliance
 X - 2 potions of heal wounds
Miscellaneous
 U - a lightning rod (4/4)
 V - a phial of floods (inert)
Comestibles
 f - 29 rations


   Skills:
 + Level 14.3(19.3) Fighting
 + Level 16.2(21.2) Long Blades
 + Level 13.7(18.7) Armour
 + Level 13.6(18.6) Dodging
 + Level 14.5(19.5) Shields
 - Level 10.2 Invocations
 - Level 5.6 Evocations


You had 18 spell levels left.
You didn't know any spells.
Your spell library contained the following spells:

 Spells                   Type           Power        Failure   Level  Hunger
 Corona                   Hex            #......      96%         1    ##.....
 Shock                    Conj/Air       #...         96%         1    ##.....
 Corpse Rot               Necr           N/A          99%         2    ###....
 Ensorcelled Hibernation  Hex/Ice        #.....       99%         2    ###....
 Sublimation of Blood     Necr           #.........   99%         2    ###....
 Swiftness                Chrm/Air       #.......     99%         2    ###....
 Confuse                  Hex            #.......     100%        3    ####...
 Dazzling Spray           Conj/Hex       #.....       100%        3    ####...
 Gell's Gravitas          Tloc           #.........   100%        3    ####...
 Portal Projectile        Hex/Tloc       #.....       100%        3    ####...
 Static Discharge         Conj/Air       #.......     100%        3    ####...
 Tukima's Dance           Hex            #.......     100%        3    ####...
 Airstrike                Air            #.........   100%        4    #####..
 Cause Fear               Hex            #.........   100%        4    #####..
 Force Lance              Conj/Tloc      #.......     100%        4    #####..
 Agony                    Necr           #.......     100%        5    ######.
 Bolt of Draining         Conj/Necr      #.........   100%        5    ######.
 Bolt of Magma            Conj/Fire/Erth #.........   100%        5    ######.
 Dispel Undead            Necr           #.......     100%        5    ######.
 Excruciating Wounds      Chrm/Necr      #.........   100%        5    ######.
 Iskenderun's Battlesphe  Conj/Chrm      #.......     100%        5    ######.
 Lightning Bolt           Conj/Air       #.........   100%        5    ######.
 Silence                  Hex/Air        #.........   100%        5    ######.
 Venom Bolt               Conj/Pois      #.........   100%        5    ######.
 Yara's Violent Unravell  Hex/Tmut       #.........   100%        5    ######.
 Deflect Missiles         Chrm/Air       #.........   100%        6    #######
 Dispersal                Tloc           #.........   100%        6    #######
 Iron Shot                Conj/Erth      #.........   100%        6    #######
 Orb of Destruction       Conj           #.........   100%        7    #######
 Spellforged Servitor     Conj/Summ      #.........   100%        7    #######
 Controlled Blink         Tloc           N/A          100%        8    #######
 Discord                  Hex            #.........   100%        8    #######
 Disjunction              Tloc           #.........   100%        8    #######


Dungeon Overview and Level Annotations

Branches:
Dungeon (10/15)            Temple (1/1) D:5            Lair (6/6) D:8
 Shoals (4/4) Lair:4        Snake (4/4) Lair:3        Slime (5/5) Lair:6
    Orc: D:9-12

Altars:
Ashenzari
Cheibriados
Dithmenos
Elyvilon
Fedhas
Gozag
Hepliaklqana
Kikubaaqudgha
Makhleb
Nemelex Xobeh
Okawaru
Qazlal
Ru
Sif Muna
Trog
Uskayaw
Vehumet
Wu Jian
Xom
Yredelemnul
Zin
The Shining One
Jiyva

Shops:
D:7 }=*   D:9 :   Shoals:1 :   Shoals:3 [*?   Snake:1 (

Annotations:
D:5 2 transporters, LobsterGuardian's ghost, novice MiFi


Innate Abilities, Weirdness & Mutations

You have razor-sharp toenails.
You are surrounded by a moderate repulsion field. (EV +3)
Your flesh is cold resistant. (rC+)
A meltable icy envelope protects you from harm. (AC +10)
When hurt, damage is shared between your health and your magic reserves.
You regenerate magic rapidly.
You are immune to freezing clouds.
Scrolls take you a little longer to read.
You are clumsy. (Dex -2)
Your magical capacity is low. (-10% MP)
Your natural rate of healing is unusually fast.
Your spells are a little harder to cast, but a little more powerful.


Message History

You begin reading the scroll.
You continue reading the scroll.
You block the acid blob's attack. The acid blob barely misses you.
You riposte.
You slice the acid blob!!
You claw the acid blob, but do no damage.
The acid blob is severely wounded.
The acid blob spits acid at you.
The splash of acid hits you but does no damage.
You are splashed with acid.
You resist.
* * * LOW HITPOINT WARNING * * *
You block the azure jelly's attack. x2
The azure jelly hits you but does no damage.
You block the azure jelly's attack.
Blink to where?
Press: ? - help, Dir - move target cursor, p - azure jelly
As you read the scroll of blinking, it crumbles to dust.
You feel a little less mighty now. The acid blob spits acid at you.
The splash of acid hits you but does no damage.
You are splashed with acid.
You resist.
You die...

##.#....JJ..##
#......JJ#.###
#.....J.#.##.##
#......#......#
##......#....##
#...........#.##
##..#..........#
#..........##.#
#..>..@....#
##........##
#..........#
#..........##
#...........## ##
#............# #.##
##.#...##....# ...#
#......###...###..##
# ##.#...#
#....#....###.


You could see 2 acid blobs.

Vanquished Creatures
  the Royal Jelly (Slime:5)
  Vashnia (Snake:2)
  Nikola (Snake:2)
  Rupert (Lair:4)
  27 acid blobs
  The ghost of Nys Cevy the Brawler, an adept TrFi of Qazlal (Snake:1)
  2 krakens (Shoals:4)
  Gastronok (Lair:2)
  Agnes (Snake:4)
  9 nagarajas
  18 azure jellies
  The ghost of Huasawuy the Grappler, a journeyman TrWz of Okawaru (Lair:3)
  A minotaur (Gauntlet)
  A merfolk javelineer (Shoals:4)
  6 dire elephants (Lair:6)
  10 merfolk impalers
  7 great orbs of eyes
  18 naga warriors
  12 death oozes
  5 hydras
  3 merfolk avatars
  3 catoblepae
  A centaur warrior (D:8)
  16 anacondas
  A merfolk aquamancer (Shoals:4)
  A satyr (Shoals:4)
  4 death yaks
  9 naga sharpshooters
  A shock serpent (Snake:2)
  Nergalle (Lair:1)
  12 sea snakes
  An orange crystal statue (Gauntlet)
  8 naga ritualists
  A glowing orange brain (Slime:2)
  Pikel (D:4)
  9 harpies (Shoals:1)
  11 mana vipers
  9 shining eyes
  An oklob plant (Lair:6)
  11 fauns
  2 cyclopes (Shoals:3)
  6 water nymphs
  9 salamanders
  4 guardian serpents
  12 manticores
  6 elephants
  13 merfolk sirens
  42 black mambas
  A torpor snail (Lair:6)
  20 naga magi
  3 eyes of devastation
  2 ice statues (IceCv)
  8 spiny frogs
  A gargoyle (Gauntlet)
  7 komodo dragons
  A rime drake (Lair:2)
  14 ice devils
  4 polar bears
  7 wind drakes
  20 merfolk
  103 slime creatures
  16 blink frogs
  13 snapping turtles
  20 dream sheep
  13 hippogriffs
  5 water elementals
  A spriggan (D:7)
  Eustachio (D:5)
  Sigmund (D:3)
  2 basilisks
  35 yaks
  10 golden eyes
  A wyvern (D:9)
  A hungry ghost (D:10)
  41 nagas
  23 water moccasins
  A floating eye (Slime:1)
  6 porcupines
  3 slaves
  Purgy (Sewer)
  9 orc warriors
  An ice beast (D:5)
  A black bear (Lair:2)
  5 eyes of draining
  A phantom (D:10)
  15 wolves
  6 centaurs
  An ogre (D:6)
  11 crocodiles
  10 bullfrogs
  A big kobold (D:10)
  A wyvern skeleton (D:9)
  3 scorpions
  8 killer bees (D:10)
  4 howler monkeys
  4 crimson imps
  A quasit (D:9)
  5 orc priests
  A centaur zombie (D:6)
  A gnoll shaman (D:7)
  Crazy Yiuf (D:2)
  A centaur skeleton (D:7)
  5 hounds
  6 iguanas
  12 jellies
  7 orc wizards
  Natasha (D:1)
  8 worker ants
  5 hound zombies
  A howler monkey zombie (D:8)
  A worker ant zombie (D:8)
  22 adders
  9 gnolls
  A river rat (D:4)
  4 shadow imps
  14 white imps
  4 ufetubi (IceCv)
  2 oozes
  2 adder skeletons
  2 adder zombies
  5 worms
  3 dart slugs
  2 leopard geckos
  57 orcs
  3 ball pythons
  3 bats
  4 giant cockroaches
  5 goblins
  4 hobgoblins
  7 jackals
  A quokka (D:7)
  4 frilled lizards
  A jackal zombie (D:6)
  15 kobolds
  2 quokka skeletons (D:9)
  A quokka zombie (D:9)
  7 rats
  3 fungi
  10 plants
  6 tentacles (Shoals:4)
1047 creatures vanquished.

Vanquished Creatures (collateral kills)
  An acid blob (Slime:5)
1 creature vanquished.

Vanquished Creatures (others)
  Polyphemus (Shoals:2)
  A reaper (IceCv)
  A merfolk javelineer (Shoals:4)
  A satyr (Shoals:3)
  7 naga sharpshooters
  A salamander mystic (Snake:2)
  2 fauns
  2 manticores
  A merfolk siren (Shoals:3)
  2 naga magi (Snake:4)
  A merfolk (Shoals:1)
  2 nagas (Snake:4)
  4 ufetubi (IceCv)
  7 fungi
  12 plants
  18 tentacles (Shoals:4)
63 creatures vanquished.

Grand Total: 1111 creatures vanquished

Notes
Turn   | Place    | Note
-------+----------+-------------------------------------------
     0 | D:1      | DarkinPup the Demonspawn Fighter began the quest for the
                  | Orb.
     0 | D:1      | Reached XP level 1. HP: 18/18 MP: 1/1
   110 | D:1      | Reached skill level 2 in Long Blades
   152 | D:1      | Gained mutation: You are surrounded by a mild repulsion
                  | field. (EV +2) [demonic ancestry]
   152 | D:1      | Reached XP level 2. HP: 19/24 MP: 2/2
   506 | D:2      | Noticed Natasha
   516 | D:1      | Killed Natasha
   516 | D:1      | Reached skill level 1 in Dodging
   516 | D:1      | Reached XP level 3. HP: 21/29 MP: 3/3
   660 | D:2      | Found a runed translucent door.
   661 | D:2      | Noticed Crazy Yiuf
   743 | D:2      | Gained mutation: You have sharp toenails. [demonic
                  | ancestry]
   743 | D:2      | Reached XP level 4. HP: 35/35 MP: 4/4
   892 | D:2      | Found a shadowy altar of Dithmenos.
  1009 | D:2      | Found a deep blue altar of Sif Muna.
  1378 | D:2      | Killed Crazy Yiuf
  1404 | D:3      | Found a shimmering altar of Xom.
  1404 | D:3      | Found a shimmering altar of Xom.
  1409 | D:3      | Found a shimmering altar of Xom.
  1410 | D:3      | Found a shimmering altar of Xom.
  1601 | D:3      | Reached XP level 5. HP: 41/41 MP: 5/5
  1744 | D:3      | Reached skill level 3 in Long Blades
  1745 | D:3      | Noticed Sigmund
  1773 | D:3      | Killed Sigmund
  1773 | D:3      | Reached XP level 6. HP: 26/48 MP: 6/6
  2310 | D:4      | Found a glowing drain.
  2345 | Sewer    | Entered a sewer
  2399 | Sewer    | Noticed Purgy
  2410 | Sewer    | Killed Purgy
  2531 | D:4      | Noticed a slave
  2554 | D:4      | Reached skill level 4 in Long Blades
  2555 | D:4      | Noticed Pikel
  2558 | D:4      | Noticed a slave
  2655 | D:2      | Killed a slave
  2839 | D:4      | Killed a slave
  2908 | D:4      | Found a sparkling altar of Nemelex Xobeh.
  2916 | D:4      | Noticed a slave
  2922 | D:4      | Noticed a slave
  2936 | D:4      | Killed Pikel
  2936 | D:4      | Gained mutation: You have razor-sharp toenails. [demonic
                  | ancestry]
  2936 | D:4      | Reached XP level 7. HP: 44/55 MP: 7/7
  3002 | D:4      | Reached skill level 5 in Long Blades
  3002 | D:4      | Reached XP level 8. HP: 54/61 MP: 8/8
  3348 | D:5      | Entered Level 5 of the Dungeon
  3389 | D:5      | Found a transporter.
  3389 | D:5      | Found a transporter.
  3554 | D:5      | Noticed a hornet
  3561 | D:5      | Noticed LobsterGuardian's ghost (novice MiFi)
  3639 | D:5      | Reached skill level 5 in Fighting
  3640 | D:5      | Found a staircase to the Ecumenical Temple.
  3650 | Temple   | Entered the Ecumenical Temple
  3776 | D:5      | Found an ancient bone altar of Kikubaaqudgha.
  3777 | D:5      | Noticed Eustachio
  3799 | D:5      | Killed Eustachio
  3909 | D:5      | Found a hazy altar of Hepliaklqana.
  4098 | D:5      | Reached skill level 5 in Dodging
  4150 | D:6      | Reached skill level 6 in Long Blades
  4552 | D:6      | Found a shattered altar of Ashenzari.
  4601 | D:6      | Reached skill level 5 in Shields
  4601 | D:6      | Reached XP level 9. HP: 68/68 MP: 9/9
  4948 | D:7      | Found Oralu's Gadget Emporium.
  5207 | D:7      | Found an iron altar of Okawaru.
  5216 | D:7      | Became a worshipper of Warmaster Okawaru
  5303 | D:7      | Found Coneruf's Jewellery Shop.
  5343 | D:7      | Reached skill level 7 in Long Blades
  5486 | D:7      | Found Vanletoepp's Assorted Antiques.
  5554 | D:7      | Reached skill level 1 in Invocations
  5686 | D:8      | Noticed a centaur warrior
  5706 | D:8      | Killed a centaur warrior
  5706 | D:8      | Reached * piety under Okawaru
  5744 | D:8      | Found a staircase to the Lair.
  6328 | D:8      | Reached XP level 10. HP: 33/77 MP: 12/12
  6572 | D:8      | Reached skill level 8 in Long Blades
  6914 | D:9      | Found a glowing silver altar of Zin.
  6914 | D:9      | Noticed an angel
  6992 | D:9      | Found a white marble altar of Elyvilon.
  7064 | D:9      | Reached ** piety under Okawaru
  7455 | D:9      | You fall through a shaft!
  7455 | D:10     | Entered Level 10 of the Dungeon
  7612 | D:9      | Found Ocvoveff's Book Shoppe.
  7680 | D:9      | Found a bloodstained altar of Trog.
  8377 | D:10     | Reached skill level 5 in Invocations
  8397 | D:10     | Reached *** piety under Okawaru
  8707 | D:10     | Noticed a smoke demon
  8770 | D:7      | Bought an uncursed amulet of regeneration for 360 gold
                  | pieces
  8857 | Lair:1   | Entered Level 1 of the Lair of Beasts
  8857 | Lair:1   | Noticed a five-headed hydra
  8877 | Lair:1   | Reached skill level 5 in Armour
  8884 | Lair:1   | HP: 2/79 [15-headed hydra (5)]
  9021 | Lair:1   | Reached skill level 9 in Long Blades
  9082 | D:8      | Gained mutation: Your natural rate of healing is unusually
                  | fast. [potion of mutation]
  9082 | D:8      | Gained mutation: You are agile. (Dex +2) [potion of
                  | mutation]
  9082 | D:8      | Gained mutation: Your spells are a little harder to cast,
                  | but a little more powerful. [potion of mutation]
  9550 | Lair:1   | HP: 1/79 [komodo dragon (29)]
  9670 | Lair:1   | Got a distressingly furry ring mail
  9691 | Lair:1   | Identified the cursed +0 ring mail of the Other World
                  | {*Contam rC++ MR+ Int+4 Slay+3} (You found it on level 1 of
                  | the Lair of Beasts)
  9703 | Lair:1   | Noticed a black mamba
  9712 | Lair:1   | Killed a black mamba
  9807 | Lair:1   | Noticed a seven-headed hydra
  9838 | Lair:2   | Noticed a spiny frog
  9843 | Lair:2   | Got an ancient chain mail
  9864 | Lair:2   | Identified the +12 chain mail of Somewhere Else {rN+ rCorr
                  | Dex+4} (You found it on level 2 of the Lair of Beasts)
  9869 | Lair:2   | Gained mutation: Your magical capacity is low. (-10% MP)
                  | [mutagenic glow]
  9965 | Lair:2   | Noticed a spiny frog
  9992 | Lair:2   | Gained mutation: Your flesh is cold resistant. (rC+)
                  | [demonic ancestry]
  9992 | Lair:2   | Reached XP level 11. HP: 61/84 MP: 13/13
 10017 | Lair:2   | Reached **** piety under Okawaru
 10327 | Lair:2   | Reached ***** piety under Okawaru
 10507 | Lair:2   | Noticed a six-headed hydra
 10574 | Lair:1   | Received a gift from Okawaru
 10575 | Lair:1   | Got a crude hand axe {god gift}
 10576 | Lair:1   | Identified the +7 hand axe of Conformity {freeze, rElec
                  | Int+2 Dex+6 Stlth-} (Okawaru gifted it to you on level 1 of
                  | the Lair of Beasts)
 10721 | Lair:1   | Got a translucent cloak
 10732 | Lair:1   | Identified the cursed +0 cloak of the Pits of Slime {rElec
                  | rC+ Str+5} (You found it on level 1 of the Lair of Beasts)
 10738 | Lair:1   | Noticed Nergalle
 10770 | Lair:1   | Noticed a spectral orc warlord
 10772 | Lair:1   | Killed Nergalle
 11452 | Lair:2   | Noticed Gastronok
 11469 | Lair:2   | Killed Gastronok
 11469 | Lair:2   | Reached skill level 10 in Long Blades
 11469 | Lair:2   | Gained mutation: You are surrounded by a moderate repulsion
                  | field. (EV +3) [demonic ancestry]
 11469 | Lair:2   | Reached XP level 12. HP: 86/94 MP: 14/14
 11728 | Lair:2   | Killed a 13-headed hydra
 11728 | Lair:2   | Received a gift from Okawaru
 11737 | Lair:2   | Identified a +1 pair of boots of running (Okawaru gifted it
                  | to you on level 2 of the Lair of Beasts)
 11966 | Lair:3   | Found a runed translucent gate.
 11967 | Lair:3   | Found a runed translucent gate.
 11967 | Lair:3   | Noticed Huasawuy's ghost (journeyman TrWz)
 11968 | Lair:3   | Found a runed translucent gate.
 11968 | Lair:3   | Noticed a nine-headed hydra
 12182 | Lair:3   | Reached skill level 1 in Evocations
 12204 | Lair:3   | Noticed a five-headed hydra
 12294 | Lair:4   | Noticed Rupert
 12312 | Lair:4   | Killed Rupert
 12379 | Lair:4   | Found a frozen archway.
 12425 | IceCv    | Entered an ice cave
 12530 | IceCv    | Killed a reaper
 12564 | IceCv    | Got a pair of encrusted boots
 12576 | IceCv    | Identified the -5 pair of boots "Cuelo" {Str+2 Int+4} (You
                  | found it in an ice cave)
 12932 | Lair:4   | Gained mutation: You are immune to freezing clouds.
                  | [demonic ancestry]
 12932 | Lair:4   | Reached XP level 13. HP: 101/101 MP: 16/16
 12947 | Lair:4   | Reached ****** piety under Okawaru
 13013 | Lair:4   | Received a gift from Okawaru
 13014 | Lair:4   | Got a crystal scimitar {god gift}
 13015 | Lair:4   | Identified the +3 scimitar "Itavuk" {speed, rPois} (Okawaru
                  | gifted it to you on level 4 of the Lair of Beasts)
 13119 | Lair:4   | You fall through a shaft!
 13285 | Lair:3   | Got a distressingly furry helmet
 13299 | Lair:3   | Identified the cursed +0 helmet "Ifeotott" {Dex+4} (You
                  | found it on level 3 of the Lair of Beasts)
 13401 | Lair:3   | Reached skill level 11 in Long Blades
 13541 | Lair:3   | Found a staircase to the Snake Pit.
 13978 | Lair:3   | Killed Huasawuy's ghost
 14146 | Lair:4   | Found a staircase to the Shoals.
 14498 | Lair:5   | Found a white marble altar of Elyvilon.
 14560 | Lair:5   | Received a gift from Okawaru
 15155 | Lair:5   | Reached skill level 12 in Long Blades
 15243 | Lair:6   | Entered Level 6 of the Lair of Beasts
 15317 | Lair:6   | Found a gate leading to a gauntlet.
 15349 | Gauntlet | Entered a Gauntlet
 15349 | Gauntlet | Found a transporter.
 15349 | Gauntlet | Found a transporter.
 15372 | Gauntlet | Found a transporter.
 15376 | Gauntlet | Found a transporter.
 15390 | Gauntlet | Found a transporter.
 15392 | Gauntlet | Found a transporter.
 15400 | Gauntlet | Found a transporter.
 15598 | Gauntlet | Noticed a death ooze
 15615 | Gauntlet | Got a pitted brass ring
 15625 | Gauntlet | Identified the ring of Disaster {rPois Str+4 Int-2 Stlth-}
                  | (You found it in a Gauntlet)
 15649 | Gauntlet | Found a transporter.
 15719 | Gauntlet | Identified the +2 falchion "Fecsou" {freeze, MR+ Str+2
                  | Int+2}
 15719 | Gauntlet | Noticed a minotaur
 15741 | Gauntlet | Killed a minotaur
 15879 | Lair:6   | Gained mutation: When hurt, damage is shared between your
                  | health and your magic reserves. [demonic ancestry]
 15879 | Lair:6   | Reached XP level 14. HP: 109/109 MP: 18/18
 15935 | Lair:6   | Found a staircase to the Slime Pits.
 15989 | Lair:6   | Reached skill level 13 in Long Blades
 16080 | Lair:6   | Received a gift from Okawaru
 16488 | Lair:6   | Reached skill level 10 in Fighting
 16896 | Lair:6   | Reached skill level 10 in Armour
 16911 | Lair:6   | Got a vibrating glass ring
 16925 | Lair:6   | Identified the ring "Leenif" {rF+ Int+3 Dex+3} (You found
                  | it on level 6 of the Lair of Beasts)
 17468 | Snake:1  | Entered Level 1 of the Snake Pit
 17678 | Snake:1  | Received a gift from Okawaru
 17761 | Snake:1  | Found a runed translucent door.
 17778 | Snake:1  | Noticed Nys Cevy's ghost (adept TrFi)
 17831 | Snake:1  | Killed Nys Cevy's ghost
 18402 | Snake:1  | Found Ceviary's Weapon Emporium.
 18411 | Snake:1  | Reached skill level 10 in Dodging
 18509 | Snake:2  | Noticed Nikola
 18544 | Snake:2  | Killed Nikola
 18544 | Snake:2  | Received a gift from Okawaru
 18553 | Snake:2  | Reached XP level 15. HP: 79/117 MP: 13/20
 18595 | Snake:2  | Noticed Vashnia
 18642 | Snake:2  | Reached skill level 10 in Invocations
 18839 | Snake:2  | Killed Vashnia
 18839 | Snake:2  | Received a gift from Okawaru
 18840 | Snake:2  | Got a faintly glowing short sword {god gift}
 18845 | Snake:2  | Identified the +4 short sword "Resow" {drain, rF+ MR+
                  | Dex+3} (Okawaru gifted it to you on level 2 of the Snake
                  | Pit)
 18883 | Snake:2  | Found a runed translucent gate.
 18883 | Snake:2  | Found a runed translucent gate.
 18905 | Snake:2  | Reached skill level 14 in Long Blades
 18918 | Snake:2  | Reached skill level 10 in Shields
 19085 | Snake:2  | Found a runed translucent gate.
 19314 | Snake:2  | Got a pair of twisted boots
 19326 | Snake:2  | Identified the cursed +0 pair of boots "Fiwocluo" {rPois
                  | Regen+ rCorr} (You found it on level 2 of the Snake Pit)
 19507 | Snake:2  | Received a gift from Okawaru
 19687 | Snake:3  | Noticed a nagaraja
 19989 | Snake:3  | Killed a nagaraja
 20317 | Snake:4  | Entered Level 4 of the Snake Pit
 20349 | Snake:3  | Received a gift from Okawaru
 20362 | Snake:3  | Got an ebony long sword {god gift}
 20365 | Snake:3  | Identified the +5 long sword "Peby" {slice, Str+4 Dex+5
                  | Stlth+} (Okawaru gifted it to you on level 3 of the Snake
                  | Pit)
 20427 | Snake:4  | Noticed a nagaraja
 20432 | Snake:4  | Noticed Agnes
 20434 | Snake:4  | Reached XP level 16. HP: 118/126 MP: 19/21
 20474 | Snake:4  | Killed Agnes
 21056 | Snake:3  | Received a gift from Okawaru
 21057 | Snake:3  | Got a pair of faintly humming gloves {god gift}
 21073 | Snake:3  | Identified the +2 pair of gloves of Xulynk {rCorr} (Okawaru
                  | gifted it to you on level 3 of the Snake Pit)
 22136 | Snake:4  | Got a serpentine rune of Zot
 22645 | Slime:1  | Entered Level 1 of the Pits of Slime
 22723 | Slime:1  | Noticed an acid blob
 22723 | Slime:1  | Noticed an acid blob
 22807 | Lair:6   | Killed an acid blob
 22812 | Lair:6   | Killed an acid blob
 22812 | Lair:6   | Gained mutation: A meltable icy envelope protects you from
                  | harm. (AC +10) [demonic ancestry]
 22812 | Lair:6   | Reached XP level 17. HP: 67/135 MP: 10/22
 22867 | Slime:1  | Paralysed by a great orb of eyes for 5 turns
 22881 | Slime:1  | Received a gift from Okawaru
 22970 | Shoals:1 | Entered Level 1 of the Shoals
 23077 | Shoals:1 | Found Haerud Zoddu's Book Emporium.
 23096 | Shoals:1 | Reached skill level 15 in Long Blades
 23412 | Shoals:1 | Received a gift from Okawaru
 23416 | Shoals:1 | Got a bone falchion {god gift}
 23427 | Shoals:1 | Identified the +1 falchion of Exchange {pain, +Rage rF+
                  | Str+4} (Okawaru gifted it to you on level 1 of the Shoals)
 23860 | Shoals:2 | Noticed Polyphemus
 24421 | Shoals:2 | Killed Polyphemus
 24810 | Shoals:3 | Found Buicir's Antique Armour Emporium.
 25063 | Shoals:3 | Received a gift from Okawaru
 25064 | Shoals:3 | Got a fine scale mail {god gift}
 25089 | Shoals:3 | Identified the +5 scale mail of Okawaru's Approval {+Fly
                  | rN+ Int+2 Dex-4} (Okawaru gifted it to you on level 3 of
                  | the Shoals)
 25541 | Shoals:3 | Bought a transparent buckler for 389 gold pieces
 25551 | Shoals:3 | Identified the +2 buckler of Iniwkoc {Str+5} (You bought it
                  | in a shop on level 3 of the Shoals)
 25823 | Shoals:3 | Found Vaotidawau's Assorted Antiques.
 25824 | Shoals:3 | Found Butux's Magic Scroll Shop.
 25854 | Shoals:3 | Bought a scroll of blinking for 97 gold pieces
 25854 | Shoals:3 | Bought a scroll of blinking for 97 gold pieces
 25854 | Shoals:3 | Bought a scroll of blinking for 97 gold pieces
 25868 | Shoals:3 | Bought 2 inky potions for 46 gold pieces
 25914 | Shoals:4 | Entered Level 4 of the Shoals
 26161 | Shoals:4 | Noticed a kraken
 26572 | Shoals:4 | Killed a kraken
 26652 | Shoals:4 | Got a barnacled rune of Zot
 26671 | Shoals:4 | Identified the +5 whip of Umeseack {flame, rF- rC+ MR+}
 26716 | Shoals:4 | Reached XP level 18. HP: 67/143 MP: 7/23
 27716 | Slime:1  | HP: 7/144 [acid (5)]
 27724 | Slime:1  | Paralysed by a floating eye for 3 turns
 28148 | Slime:1  | Received a gift from Okawaru
 28149 | Slime:1  | Found the +2 pair of boots of the Assassin {Detection Stab+
                  | Stlth++}
 29371 | Slime:3  | Reached skill level 5 in Evocations
 29437 | Slime:3  | Lost mutation: You are agile. (Dex +2) [a shining eye]
 30201 | Slime:4  | Received a gift from Okawaru
 30212 | Slime:3  | Gained mutation: Scrolls take you a little longer to read.
                  | [a shining eye]
 30800 | Slime:4  | Reached skill level 16 in Long Blades
 30851 | Slime:4  | Paralysed by a great orb of eyes for 5 turns
 30983 | Slime:3  | Gained mutation: You regenerate magic rapidly. [demonic
                  | ancestry]
 30983 | Slime:3  | Reached XP level 19. HP: 137/152 MP: 14/24
 31125 | Slime:4  | Gained mutation: You are clumsy. (Dex -2) [a shining eye]
 31270 | Slime:5  | Entered Level 5 of the Pits of Slime
 31515 | Slime:5  | Noticed the Royal Jelly
 31516 | Slime:5  | Found a viscous altar of Jiyva.
 31517 | Slime:5  | Found the +3 robe of Folly {Archmagi, MR-- Int+5}
 31753 | Slime:5  | Received a gift from Okawaru
 31754 | Slime:5  | Got an ancient quick blade {god gift}
 31757 | Slime:5  | Identified the +5 quick blade of Paxa {flame, *Slow +Blink
                  | rElec Str+8} (Okawaru gifted it to you on level 5 of the
                  | Pits of Slime)
 32229 | Slime:5  | Identified a scroll of acquirement
 32307 | Slime:5  | HP: 6/152 [death ooze/exploding inner flame[the player
                  | character] (11)]
 32500 | Slime:5  | Killed the Royal Jelly
 32535 | Slime:4  | HP: 6/151 [acid[the Royal Jelly] (3)]
 32536 | Slime:4  | HP: 2/151 [acid[the Royal Jelly] (5)]
 32541 | Slime:4  | HP: 1/153 [acid[the Royal Jelly] (4)]
 32546 | Slime:4  | Splashed by an acid blob's acid

Skill      XL: |  1  2  3  4  5  6  7  8  9 10 11 12 13 14 15 16 17 18 |
---------------+-------------------------------------------------------+-----
Long Blades    | 2 3 4 5 6 7 9 10 12 13 14 15 16 | 16.2
Dodging        | 1 2 3 4 5 6 7 8 9 10 11 12 13 | 13.6
Armour         | 3 4 5 7 9 10 11 12 13 | 13.7
Shields        | 3 4 5 6 7 8 9 11 12 13 14 | 14.5
Fighting       | 4 5 6 7 8 9 10 11 12 13 14 | 14.3
Invocations    | 3 5 7 8 9 10 | 10.2
Evocations     | 2 3 4 5 |  5.6

Action                   |  1- 3 |  4- 6 |  7- 9 | 10-12 | 13-15 | 16-18 | 19-21 || total
-------------------------+-------+-------+-------+-------+-------+-------+-------++-------
Melee: Long sword        |    48 |   199 |    97 |   229 |    58 |  1277 |    88 ||  1996
       Kick              |       |    56 |   156 |   580 |   971 |  1042 |   162 ||  2967
       Falchion          |       |       |   303 |   681 |       |   126 |       ||  1110
       Hand axe          |       |       |       |   143 |       |       |       ||   143
       Scimitar          |       |       |       |       |  1371 |   659 |   170 ||  2200
Invok: Heroism           |       |       |       |     1 |     9 |     7 |     3 ||    20
       Finesse           |       |       |       |       |     3 |     2 |     2 ||     7
 Abil: Evoke Flight      |       |       |       |       |       |     2 |       ||     2
Evoke: Wand              |       |       |       |     5 |     4 |    11 |       ||    20
       Phial of floods   |       |       |       |       |       |       |     1 ||     1
  Use: Scroll            |       |     8 |     2 |    20 |    12 |    12 |     4 ||    58
       Potion            |       |       |       |    15 |     5 |     5 |     8 ||    33
 Stab: Sleeping          |       |       |     1 |     3 |       |       |       ||     4
       Invisible         |       |       |       |     2 |       |       |       ||     2
       Distracted        |       |       |       |     1 |       |       |       ||     1
       Petrified         |       |       |       |       |       |     7 |       ||     7
  Eat: Chunk             |       |     7 |    11 |    17 |    13 |    13 |       ||    61
       Ration            |       |       |       |     3 |     3 |     8 |     2 ||    16
Armor: Scale mail        |     5 |       |       |       |       |       |       ||     5
       Ring mail         |    14 |    83 |   135 |   105 |       |       |       ||   337
       Chain mail        |       |       |       |   449 |   394 |   572 |   177 ||  1592
Dodge: Dodged            |    15 |   122 |   249 |   781 |   592 |  1099 |   257 ||  3115
Block: Shield            |    24 |   109 |   228 |   795 |   389 |       |       ||  1545
       Large shield      |       |       |       |       |   609 |  2919 |   509 ||  4037
       Reflection        |       |       |       |       |    60 |   226 |    13 ||   299
       Rpst.: Long sword |     3 |    33 |    21 |    37 |     9 |   133 |    14 ||   250
       Falchion          |       |       |    65 |   101 |       |     8 |       ||   174
       Scimitar          |       |       |       |       |   105 |    41 |    17 ||   163
